Map: Ascension to Aiur LE

Players

Dessa

  • Race: Zerg Zerg
  • League: Diamond
  • Spawn Location: 11:00

HugeTosser - Winner!

  • Race: Protoss Protoss
  • League: Diamond
  • Spawn Location: 5:00

VOD

Have the link to the VOD?

Description

Time

  • Played on: Dec. 11, 2017, 5:55 a.m.
  • Length: 8:20
Show
View Real Time Build Order
Export as new Build Order

Dessa Zerg 

Build Orders: Hatch First 

Get SALT Encoding   

  12  0:01  Drone  
  13  0:13  Overlord  
  13  0:18  Drone  
  14  0:31  Drone x2  
  16  0:50  Hatchery  
  16  0:54  Drone  
  16  1:12  Drone, Spawning Pool  
  16  1:20  Drone  
  17  1:31  Drone  
  18  1:33  Extractor  
  18  1:36  Drone  
  19  1:47  Drone  
  19  1:49  Overlord  
  19  2:00  Queen  
  21  2:01  Spine Crawler  
  21  2:02  Zergling x2  
  21  2:16  Spine Crawler  
  21  2:20  Drone  
  21  2:42  Spine Crawler  
  20  2:48  Zergling x4  
  20  2:49  Zergling x8  
  20  2:51  Metabolic Boost  
  23  3:22  Drone x8  
  31  3:31  Queen  
  34  3:34  Drone, Overlord  
  34  3:42  Drone  
  34  3:45  Drone  
  36  3:53  Drone  
  36  3:55  Overlord  
  37  4:02  Drone x2  
  39  4:16  Hatchery  
  38  4:22  Drone x4  
  42  4:25  Drone  
  42  4:26  Extractor  
  42  4:36  Drone x3  
  42  4:37  Overlord  
  45  4:44  Roach Warren  
  44  4:55  Drone x3, Extractor x2  
  45  5:01  Lair  
  45  5:03  Drone x3  
  48  5:10  Overlord  
  48  5:27  Drone x2  
  48  5:28  Drone x4  
  52  5:29  Drone x2  
  52  5:30  Queen  
  58  5:37  Drone x2  
  58  5:38  Evolution Chamber  
  58  5:39  Evolution Chamber  
  58  5:48  Drone x3  
  58  5:49  Overlord  
  61  5:56  Drone x2  
  61  5:57  Drone x2  
  64  6:00  Roach x4  
  72  6:06  Zerg Ground Armor Level 1, Zerg Missile Weapons Level 1  
  72  6:14  Overlord  
  72  6:15  Overlord  
  72  6:17  Pneumatized Carapace  
  71  6:21  Zergling x6  
  71  6:22  Zergling x2  
  71  6:24  Zergling x2  
  71  6:25  Roach x2  
  80  6:33  Zergling x2  
  80  6:34  Zergling x2  
  80  6:35  Zergling x2  
  80  6:36  Roach x2  
  87  6:56  Zergling x6, Roach x2  
  87  6:58  Overlord  
  94  7:02  Overlord  
  94  7:05  Zergling x2, Roach  
  97  7:13  Overlord  
  97  7:14  Overlord  
  97  7:20  Roach x5  
  97  7:21  Roach  
  103  7:38  Zergling x2  
  103  7:39  Zergling x8  
  103  7:40  Zergling x2, Roach x2  
  100  7:48  Zergling x4  
  100  7:49  Zergling x10  
  91  7:53  Zergling x4  
Show
View Real Time Build Order
Export as new Build Order

HugeTosser Protoss - Winner!

Build Orders: Forge Fast Expand (FFE) 

Get SALT Encoding   

  12  0:01  Probe  
  13  0:13  Probe  
  14  0:19  Pylon  
  14  0:25  Probe  
  15  0:38  Forge  
  15  0:41  Probe (Chrono Boost)  
  16  0:53  Probe (Chrono Boost)  
  17  1:01  Probe  
  18  1:18  Nexus  
  18  1:35  Pylon  
  18  1:39  Gateway  
  18  1:49  Assimilator  
  18  1:59  Photon Cannon  
  18  2:01  Photon Cannon  
  18  2:09  Photon Cannon  
  18  2:12  Probe (Chrono Boost)  
  20  2:24  Probe (Chrono Boost)  
  20  2:38  Probe  
  20  2:39  Probe  
  20  2:43  Zealot (Chrono Boost)  
  24  2:44  Cybernetics Core  
  24  2:50  Probe  
  25  2:52  Assimilator  
  25  2:58  Photon Cannon  
  25  3:00  Probe  
  26  3:12  Probe  
  27  3:13  Protoss Ground Weapons Level 1 (Chrono Boost)  
  27  3:14  Probe  
  27  3:19  Pylon  
  30  3:21  Warp Gate (Chrono Boost)  
  30  3:27  Stalker  
  30  3:28  Probe  
  31  3:37  Probe, Pylon  
  32  3:42  Assimilator  
  32  3:43  Probe  
  33  3:51  Probe  
  33  3:55  Probe  
  35  3:59  Stalker (Chrono Boost)  
  37  4:03  Probe  
  37  4:05  Twilight Council  
  38  4:13  Probe  
  38  4:15  Probe  
  40  4:25  Probe  
  40  4:26  Gateway  
  41  4:31  Pylon  
  41  4:33  Probe  
  41  4:37  Probe  
  43  4:39  Shield Battery  
  43  4:43  Gateway  
  43  4:47  Blink (Chrono Boost)  
  43  4:50  Probe x2  
  45  4:56  Protoss Ground Weapons Level 2 (Chrono Boost)  
  45  5:02  Probe x2  
  47  5:09  Pylon  
  47  5:14  Probe  
  47  5:17  Stalker  
  50  5:30  Gateway  
  50  5:31  Gateway  
  50  5:33  Gateway  
  50  5:35  Gateway  
  50  5:38  Robotics Facility  
  50  5:43  Stalker  
  50  5:46  Pylon  
  52  5:51  Pylon  
  52  5:59  Pylon  
  52  6:00  Stalker  
  54  6:08  Stalker  
  54  6:09  Stalker  
  58  6:11  Pylon  
  58  6:13  Pylon  
  58  6:23  Stalker  
  60  6:27  Warp Prism (Chrono Boost)  
  60  6:32  Stalker x2  
  64  6:37  Stalker x2  
  64  6:39  Stalker  
  72  6:50  Stalker  
  74  6:56  Stalker  
  74  6:57  Stalker  
  74  7:01  Stalker x2  
  82  7:05  Stalker  
  84  7:17  Pylon x2  
  84  7:27  Stalker x2  
  84  7:28  Stalker x2  
  90  7:38  Stalker x2  
  76  7:55  Stalker x2  
  76  7:56  Stalker x2  
  78  8:13  Stalker x2  
Tags
 
Add a new tag
Caveats
  • Supply blocks, unpowered buildings, or Contaminate may cause inaccurate times.
  • Supply counts are checked every 10 seconds.